 Dungeon Crawl Stone Soup version 0.24.0-13-gcf9b319 (webtiles) character file.

Game seed: 15529341588279390824, levelgen mode: deterministic

155 Fortress the Chucker (level 5, -2/49 HPs)
             Began as an Ogre Arcane Marksman on Jan 12, 2020.
             Killed from afar by an orc wizard (7 damage)
             ... with a magic dart
             ... on level 4 of the Dungeon.
             The game lasted 00:13:08 (2977 turns).

Fortress the Chucker (Ogre Arcane Marksman)         Turns: 2977, Time: 00:13:09

Health: -2/49      AC:  3    Str: 14 (15) XL:     5   Next: 37%
Magic:  7/7        EV:  9    Int: 14      God:
Gold:   102        SH:  0    Dex:  6 (9)  Spells: 5/7 levels left

rFire    . . .     SeeInvis .   k - +1 hand axe (vamp)
rCold    . . .     Gourm    .   (no shield)
rNeg     . . .     Faith    .   a - +0 robe
rPois    .         Spirit   .   (helmet restricted)
rElec    .         Reflect  .   (no cloak)
rCorr    .         Harm     .   (gloves unavailable)
MR       .....                  (boots unavailable)
Stlth    +.........             (no amulet)
HPRegen  0.16/turn              (no ring)
MPRegen  0.10/turn              (no ring)

@: confused, very slow
A: large, unfitting armour, tough skin 1
a: no special abilities


You were on level 4 of the Dungeon.
You were not hungry.

You visited 1 branch of the dungeon, and saw 4 of its levels.

You collected 102 gold pieces.

Inventory:

Hand Weapons
 e - a +0 hunting sling
 k - a +1 vampiric hand axe (weapon)
 o - a +0 quarterstaff of protection
Armour
 a - a +0 robe (worn)
Wands
 l - a wand of flame (12)
 r - a wand of paralysis (6)
Scrolls
 c - a scroll of noise {unknown}
 g - a scroll of remove curse
 h - 4 scrolls of identify {unknown}
 i - a scroll of immolation {unknown}
 j - a scroll of blinking {unknown}
 m - a scroll of teleportation {unknown}
 p - a scroll of magic mapping {unknown}
 t - a scroll of enchant weapon {unknown}
Comestibles
 f - 7 rations


   Skills:
 + Level 1.8 Fighting
 + Level 4.6 Throwing
 - Level 1.9 Dodging
 + Level 1.5 Spellcasting
 + Level 3.3 Hexes


You had 5 spell levels left.
You knew the following spells:

 Your Spells              Type           Power        Failure   Level  Hunger
a - Corona                Hex            ##.....      6%          1    ##.....
b - Confusing Touch       Hex            ##....       6%          1    ##.....

Your spell library contained the following spells:

 Spells                   Type           Power        Failure   Level  Hunger
 Slow                     Hex            ##......     10%         2    ###....
 Confuse                  Hex            ##......     19%         3    ####...
 Inner Flame              Hex/Fire       #.......     36%         3    ####...
 Portal Projectile        Hex/Tloc       #.....       36%         3    ####...
 Cause Fear               Hex            ##........   52%         4    #####..
 Gell's Gravitas          Tloc           #.........   58%         3    ####...
 Leda's Liquefaction      Hex/Erth       #.........   77%         4    #####..
 Petrify                  Tmut/Erth      #.......     94%         4    #####..
 Metabolic Englaciation   Hex/Ice        #.........   98%         5    ######.
 Yara's Violent Unravell  Hex/Tmut       #.........   98%         5    ######.


Dungeon Overview and Level Annotations

Branches:
Dungeon (4/15)
 Temple: D:4-7

Altars:
Elyvilon
Qazlal
Sif Muna
The Shining One


Innate Abilities, Weirdness & Mutations

You are too large for most types of armour.
You have tough skin. (AC +1)


Message History

An orc wizard comes into view. It is wielding a +0 dagger.
You closely miss the orc.
You feel sick.
You are no longer poisoned.
The orc wizard shouts!
The orc priest shouts!
The orc hits you with a cursed -1 war axe!
* * * LOW HITPOINT WARNING * * *
The orc closely misses you.
You see here a worker ant corpse.
You see here a dart slug corpse.
You enter the shallow water.
Moving in this stuff is going to be slow.
Why would you want to do that?
The orc wizard mumbles some strange words.
The orc wizard flickers and vanishes!
Deactivating autopickup; reactivate with Ctrl-A.
The orc closely misses you.
You are confused.
A magic dart appears from out of thin air!
The magic dart hits you!
You die...

..........≈≈≈#≈≈w.#.
........≈≈≈≈(≈#≈≈≈w.#
......#≈≈≈≈≈#(≈#≈≈≈≈#
......(≈≈≈≈≈(≈≈≈#≈≈.
....≈≈≈≈≈≈≈≈≈≈#≈≈≈≈
#≈≈#≈≈≈≈≈≈≈≈≈≈≈≈≈
##≈≈≈≈.≈≈((.≈≈..≈≈
#.o≈@.[...<[(..8≈# .
#.≈≈≈.(8≈...≈#≈.≈≈
...###.≈≈≈≈≈≈≈≈≈≈≈≈.≈≈≈
........≈≈≈≈≈≈≈≈≈≈≈≈≈≈w
....##o†.†≈≈≈≈≈≈≈≈≈≈≈≈.
... ##.†##≈≈≈≈≈≈≈≈≈≈≈≈.
.. #...##≈##≈≈≈≈≈##≈..
.#......###.≈≈≈≈#≈≈ ...
###..... ..≈≈.≈


You could see an orc priest and an orc.

Vanquished Creatures
  A worker ant (D:4)
  5 adders
  An ooze (D:3)
  A worm (D:3)
  7 dart slugs
  3 leopard geckos (D:2)
  An orc (D:3)
  3 giant cockroaches
  5 goblins
  7 hobgoblins
  4 jackals (D:2)
  10 kobolds
  2 quokkas
  3 bats
  4 frilled lizards
  6 rats
63 creatures vanquished.

Notes
Turn   | Place    | Note
-------+----------+-------------------------------------------
     0 | D:1      | Fortress the Ogre Arcane Marksman began the quest for the
                  | Orb.
     0 | D:1      | Reached XP level 1. HP: 19/19 MP: 2/2
   322 | D:1      | Reached XP level 2. HP: 27/27 MP: 4/4
   759 | D:2      | Reached XP level 3. HP: 30/33 MP: 5/5
   823 | D:2      | Found a shimmering blue altar of Sif Muna.
   849 | D:2      | Reached skill level 3 in Throwing
  1374 | D:2      | Learned a level 1 spell: Confusing Touch
  1397 | D:3      | Reached XP level 4. HP: 33/41 MP: 6/6
  1720 | D:3      | Found a white marble altar of Elyvilon.
  1789 | D:3      | Found a faded altar of an unknown god.
  1898 | D:3      | Found a glowing golden altar of the Shining One.
  2045 | D:3      | HP: 2/41 [adder (1)]
  2413 | D:3      | Reached skill level 4 in Throwing
  2610 | D:3      | Found a stormy altar of Qazlal.
  2660 | D:3      | Reached XP level 5. HP: 17/49 MP: 7/7
  2977 | D:4      | Killed from afar by an orc wizard

Levels and vault maps discovered:
D:1:      dpeg_arrival_signposts, layout_loops_ring
D:2:      layout_loops_cross, nicolae_overflow_crystal_walls
D:3:      layout_loops_ring, nicolae_qazlal_general_emergency, elyvilon_altar_5,
          tso_metal_star, chequers_ecumenical_altar_island
D:4:      kennysheep_slugbush, layout_cave_pools, minmay_temple_entry_tees,
          first_ration, serial_park_tiny_1, kennysheep_potato

Skill      XL: |  1  2  3  4 |
---------------+-------------+-----
Hexes          | 3 |  3.3
Throwing       | 3 4 |  4.6
Fighting       | |  1.8
Dodging        | |  1.9
Spellcasting   | |  1.5

Action                   |  1- 3 |  4- 6 || total
-------------------------+-------+-------++-------
Melee: Unarmed           |    13 |       ||    13
       Hand axe          |    45 |    53 ||    98
Throw: Large rock        |    39 |    31 ||    70
       Dart              |     2 |    20 ||    22
       Throwing net      |       |     2 ||     2
 Cast: Corona            |     2 |       ||     2
  Use: Potion            |       |     5 ||     5
       Scroll            |       |     1 ||     1
  Eat: Chunk             |     1 |     2 ||     3
       Ration            |       |     1 ||     1
Armor: Robe              |    25 |    15 ||    40
       Skin              |       |     6 ||     6
Dodge: Dodged            |    43 |    43 ||    86
